 Dungeon Crawl Stone Soup version 0.30-a0-613-gdd512c7efb (webtiles) character file.

Game seed: 7562872856944982064

40 porpoise the Shooter (level 3, -4/20 HPs)
             Began as a Deep Elf Hexslinger on Jan 9, 2023.
             Slain by a worm (7 damage)
             ... on level 1 of the Dungeon.
             The game lasted 00:03:26 (806 turns).

porpoise the Shooter (Deep Elf Hexslinger)           Turns: 806, Time: 00:03:26

Health: -4/20      AC:  4    Str:  7    XL:     3   Next: 30%
Magic:  7/7        EV: 12    Int: 17    God:
Gold:   41         SH:  0    Dex: 17    Spells: 4/5 levels left

rFire   . . .      SeeInvis .    b - +2 dagger (venom)
rCold   . . .      Faith    .    (no shield)
rNeg    . . .      Spirit   .    e - +0 leather armour
rPois   .          Reflect  .    (no helmet)
rElec   .          Harm     .    f - +0 cloak
rCorr   .          Rampage  .    (no gloves)
Will    .....                    (no boots)
Stlth   +                        (no amulet)
HPRegen 0.23/turn                (no ring)
MPRegen 0.10/turn                (no ring)

@: invisible
A: no striking features
a: no special abilities


You were on level 1 of the Dungeon.
You visited 1 branch of the dungeon, and saw 2 of its levels.

You collected 41 gold pieces.

Inventory:

Hand Weapons
 a - a +1 sling
 b - a +2 dagger of venom (weapon)
Armour
 c - a +0 robe
 e - a +0 leather armour (worn)
 f - a +0 cloak (worn)
 i - a +0 ring mail
Scrolls
 d - a scroll of poison
 g - a scroll of identify
 h - a scroll of summoning {unknown}
Potions
 k - a potion of might {unknown}


   Skills:
 + Level 1.5 Fighting
 * Level 4.4 Ranged Weapons
 - Level 2.4 Dodging
 - Level 1.5 Spellcasting
 - Level 4.0 Hexes


You had 4 spell levels left.
You knew the following spells:

 Your Spells              Type           Power      Damage    Failure   Level
a - Slow                  Hex            56%        N/A       6%          1

Your spell library contained the following spells:

 Spells                   Type           Power      Damage    Failure   Level
 Inner Flame              Hex/Fire       8%         N/A       38%         3
 Portal Projectile        Hex/Tloc       16%        N/A       38%         3
 Cause Fear               Hex            7%         N/A       52%         4


Dungeon Overview and Level Annotations

Branches:
Dungeon (2/15)

Altars:


Message History

You hit the adder.
You kill the adder!
Your +2 dagger of venom stops dripping with poison.
a - a +1 sling (weapon)
You climb downwards.
The bat hits you. The worm misses you.
There is a stone staircase leading up here.
You shoot a sling bullet. The sling bullet hits the worm.
The worm is lightly wounded.
The bat hits you but does no damage.
You shoot a sling bullet.
The sling bullet barely misses the worm.
The bat hits you but does no damage. The bat barely misses you.
The worm bites you! The bat hits you but does no damage. The worm bites you!
* * * LOW HITPOINT WARNING * * *
You climb upwards.
There is a stone staircase leading down here.
Your +2 dagger of venom begins to drip with poison!
b - a +2 dagger of venom (weapon)
The bat hits you.
* * * LOW HITPOINT WARNING * * *
As you read the scroll labelled DAFFID IS QIWU, it crumbles to dust.
It is a scroll of identify.
j - a potion of invisibility The worm misses you.
You fade into invisibility!
The bat hits you.
* * * LOW HITPOINT WARNING * * *
The bat closely misses you.
You hit the bat.
The bat is poisoned.
The bat is moderately wounded.
You kill the bat!
You catch the helpless worm completely off-guard!
You hit the worm.
The worm is poisoned.
The worm is moderately wounded.
You catch the helpless worm completely off-guard!
You puncture the worm!
The worm looks as sick as possible!
The worm is severely wounded.
The worm bites you!
You die...

..#.#.# ##.....#.#.#
..#.#.####.....#.#.#
........###.####.#.#
...............#.#.#
........######.#.#.#
........# #.#...#
######### #...### #
#.†w# # #.#@# #
#.### # #.# # #.# #
#.# # #.# # #.#
##############.#
#..............#


You could see a worm (unable to see you, extremely poisoned).

Vanquished Creatures
  An adder (D:1)
  2 endoplasms (D:1)
  3 giant cockroaches (D:1)
  3 goblins (D:1)
  2 hobgoblins (D:1)
  3 kobolds (D:1)
  A quokka (D:1)
  4 ball pythons (D:1)
  3 bats (D:1)
  2 frilled lizards (D:1)
  6 rats (D:1)
30 creatures vanquished.

Notes
Turn   | Place    | Note
-------+----------+-------------------------------------------
     0 | D:1      | porpoise the Deep Elf Hexslinger began the quest for the
                  | Orb.
     0 | D:1      | Reached XP level 1. HP: 11/11 MP: 5/5
    54 | D:1      | Reached skill level 1 in Fighting
    62 | D:1      | Reached XP level 2. HP: 8/16 MP: 6/6
   333 | D:1      | Found a faded altar of an unknown god.
   647 | D:1      | Reached XP level 3. HP: 20/20 MP: 7/7
   806 | D:1      | Slain by a worm

Illustrated notes

Levels and vault maps discovered:
D:1:      eino_arrival_druids_welcome, layout_basic,
          hellmonk_ecumenical_altar_crossroads, dreamdust_princess_corridor
D:2:      layout_rooms, serial_shops, nicolae_square_shop, shop,
          uniq_crazy_yiuf_cottage

Skill      XL: |  1  2 |
---------------+-------+-----
Ranged Weapons | 3 4 |  4.4
Fighting       | 1 |  1.5
Dodging        | |  2.4
Spellcasting   | |  1.5
Hexes          | |  4.0

Action                   || total
-------------------------++-------
Melee: Dagger            ||    10
 Fire: Sling             ||    59
  Use: Scroll            ||     1
       Potion            ||     1
 Stab: Invisible         ||     2
Armor: Robe              ||     5
       Leather armour    ||     9
Dodge: Dodged            ||    26

Table legend: (Time is in decaauts)
 A = Elapsed time spent in this place.
 B = Non-inter-level travel time spent in this place.
 C = Inter-level travel time spent in this place.
 D = Time resting spent in this place.
 E = Time spent auto-exploring this place.
 F = Levels seen in this place.
 G = Mean time per level.
                   A        B        C        D        E       F      G
               +--------+--------+--------+--------+--------+-----+--------+
         Total |    815 |    791 |     24 |     36 |    528 |   2 |  407.5 |
       Dungeon |    815 |    791 |     24 |     36 |    528 |   2 |  407.5 |
               +--------+--------+--------+--------+--------+-----+--------+

Top non-repeatable levels by time:
     D:1: 805 daAuts
     D:2: 9 daAuts
